 Dungeon Sprint DCSS version 0.17-a0-1805-g6093636 (webtiles) character file.

1713 nuthulu the Fighter (level 9, -1/64 HPs)
             Began as a Gargoyle Berserker on Sept 12, 2015.
             Was an Elder of Trog.
             Slain by an earth elemental (32 damage)
             ... in the Dungeon (Sprint III: "The Ten Rune Challenge").
             The game lasted 00:03:31 (1191 turns).

nuthulu the Fighter (Gargoyle Berserker)            Turns: 1191, Time: 00:03:31

Health: -1/64      AC:  8    Str: 21    XL:     9   Next: 4%
Magic:  9/9        EV: 15    Int:  8    God:    Trog [****..]
Gold:   19         SH:  0    Dex: 10    Spells: 0 memorised, 8 levels left

rFire  . . .     SeeInvis .     a - +0 mace
rCold  . . .     Clarity  +     b - +0 animal skin
rNeg   + . .     SustAt   .     (no shield)
rPois  ∞         Gourm    .     (no helmet)
rElec  +         Spirit   .     (no cloak)
rCorr  .         Warding  .     (no gloves)
rMut   .         NoTele   +     (no boots)
MR     ++...                    (no amulet)
Stlth  +.........               (no ring)
                                (no ring)

@: regenerating, very resistant to hostile enchantments, very unstealthy
A: clarity, clumsy 1, negative energy resistance 1, screaming 1, electricity
resistance, unbreathing, petrification resistance, rot immunity, AC +5
a: Burn Spellbooks, Berserk, Trog's Hand, Brothers in Arms, Renounce Religion


You were in the Dungeon.
You worshipped Trog.
Trog was greatly pleased with you.
You were not hungry.

You visited 1 branch You collected 19 gold pieces.

Inventory:

Hand weapons
 a - a +0 mace (weapon)
Armour
 b - a +0 animal skin (worn)
Scrolls
 i - a scroll of blinking
 l - a scroll of holy word {unknown}
 n - 3 scrolls of remove curse
 p - a scroll of torment {unknown}
Potions
 d - 2 potions of curing
 e - a potion of heal wounds
 f - a potion of haste
 g - 3 potions of magic
 h - a potion of berserk rage
 k - a potion of mutation
 r - a potion of flight
Comestibles
 c - 2 bread rations
 m - a royal jelly


   Skills:
 + Level 11.2 Fighting
 + Level 10.3 Maces & Flails
 + Level 11.0 Armour
 + Level 8.4 Dodging


You had 8 spell levels left.
You didn't know any spells.

Dungeon Overview and Level Annotations

Branches:
Dungeon (1/1)

Altars:
Cheibriados
Dithmenos
Elyvilon
Fedhas
Gozag
Kikubaaqudgha
Makhleb
Nemelex Xobeh
Okawaru
Qazlal
Ru
Sif Muna
Trog
Vehumet
Xom
Yredelemnul
Zin
The Shining One
Jiyva
Lugonu


Innate Abilities, Weirdness & Mutations

You are resistant to torment.
Your stone body is resilient (AC +5).
You are immune to poison.
You resist negative energy.
You are resistant to electric shocks.
You can survive without breathing.
You are immune to petrification.
You are immune to rotting.
You possess an exceptional clarity of mind.
You are clumsy. (Dex -2)
You occasionally shout uncontrollably at your foes.


Message History

Your ogre hits the earth elemental with a giant club!
Your ogre hits the earth elemental with a giant club!!
Your ogre barely misses the earth elemental.
Unknown command.
Your ogre barely misses the earth elemental.
There is an open door here.
Your ogre hits the earth elemental with a giant club.
The earth elemental hits your ogre!!
The earth elemental hits something!
There is an open door here.
You hit the earth elemental but do no damage.
The earth elemental is almost destroyed.
The earth elemental hits you but does no damage.
The earth elemental barely misses you.
There is an open door here.
You hit the earth elemental but do no damage.
The earth elemental is almost destroyed.
The earth elemental hits you!!
Ouch! That really hurt!
You die...

♣♣.#)..#...#._#
♣♣♣..###+#)###)##
..♣..#..........#
♣♣.♣.'.⌠........#
≈≈♣♣.#...######'#
≈....#.⌠.#__#...#+#######
.....#...#__#...#..≈O≈'.#
.....#)###__#...#E#≈§≈#.#
.....#...#__#...@.#§§.#.#
.....#___#_.'...#.#§§§#..
▓▓▓▓▓▓▓▓▓▓▓▓▓▓▓▓▓▓▓▓▓▓▓▓▓▓


You could see an earth elemental.

Vanquished Creatures
  Josephine (D)
  A deep elf priest (D)
  A shadow (D)
  A spatial vortex (D)
  A necrophage (D)
  A water elemental (D)
  A scorpion (D)
  A wizard (D)
  A jelly (D)
  Jessica (D)
  A necromancer (D)
  A kobold demonologist (D)
  A human (D)
  An ooze (D)
  2 rats (D)
16 creatures vanquished.

Vanquished Creatures (collateral kills)
  2 humans (D)
2 creatures vanquished.

Vanquished Creatures (others)
  2 draconian scorchers (D)
  A yaktaur (D)
  3 plants (D)
6 creatures vanquished.

Grand Total: 24 creatures vanquished

Notes
Turn   | Place    | Note
--------------------------------------------------------------
     0 | D        | nuthulu the Gargoyle Berserker began the quest for the Orb.
     0 | D        | Reached XP level 1. HP: 14/14 MP: 1/1
     8 | D        | Killed a yaktaur
     9 | D        | Acquired Trog's second power
   145 | D        | Noticed Jessica
   152 | D        | Killed Jessica
   152 | D        | Reached skill level 4 in Fighting
   152 | D        | Reached XP level 2. HP: 16/20 MP: 2/2
   152 | D        | Reached XP level 3. HP: 19/24 MP: 3/3
   174 | D        | Killed a white draconian scorcher
   176 | D        | Killed a white draconian scorcher
   324 | D        | Reached skill level 5 in Fighting
   344 | D        | Noticed a scorpion
   369 | D        | Killed a scorpion
   369 | D        | Reached skill level 5 in Maces & Flails
   369 | D        | Reached skill level 5 in Armour
   369 | D        | Reached XP level 4. HP: 7/32 MP: 4/4
   535 | D        | Gained mutation: You possess an exceptional clarity of mind. [potion of mutation]
   535 | D        | Gained mutation: You are clumsy. (Dex -2) [potion of mutation]
   535 | D        | Gained mutation: You occasionally shout uncontrollably at your foes. [potion of mutation]
   551 | D        | Noticed a water elemental
   565 | D        | Killed a water elemental
   565 | D        | Reached skill level 6 in Fighting
   565 | D        | Reached XP level 5. HP: 37/37 MP: 5/5
   654 | D        | Found a radiant altar of Vehumet.
   654 | D        | Found a deep blue altar of Sif Muna.
   654 | D        | Found an ancient bone altar of Kikubaaqudgha.
   654 | D        | Noticed a wizard
   658 | D        | Killed a wizard
   658 | D        | Reached skill level 7 in Fighting
   665 | D        | Noticed a blue devil
   666 | D        | Reached skill level 5 in Dodging
   680 | D        | Acquired Trog's third power
   713 | D        | Found a glowing silver altar of Zin.
   715 | D        | Found a glowing golden altar of the Shining One.
   715 | D        | Found a white marble altar of Elyvilon.
   715 | D        | Noticed a deep elf priest
   728 | D        | Killed a deep elf priest
   728 | D        | Reached skill level 8 in Fighting
   728 | D        | Reached XP level 6. HP: 45/45 MP: 6/6
   728 | D        | Reached XP level 7. HP: 50/50 MP: 7/7
   774 | D        | Found a basalt altar of Yredelemnul.
   774 | D        | Found a snail-covered altar of Cheibriados.
   774 | D        | Found a blossoming altar of Fedhas.
   774 | D        | Noticed a necrophage
   774 | D        | Noticed a necromancer
   778 | D        | Killed a necromancer
   793 | D        | Killed a necrophage
   793 | D        | Reached skill level 9 in Fighting
   856 | D        | Found an iron altar of Okawaru.
   856 | D        | Found a bloodstained altar of Trog.
   856 | D        | Noticed a human
   858 | D        | Noticed a human
   859 | D        | Killed a human
   863 | D        | Killed a human
   957 | D        | Noticed a jelly
   958 | D        | Noticed a shadow
   971 | D        | Killed a shadow
   990 | D        | Killed a jelly
   990 | D        | Reached XP level 8. HP: 43/57 MP: 8/8
  1020 | D        | Found a stormy altar of Qazlal.
  1020 | D        | Found a sacrificial altar of Ru.
  1020 | D        | Found a burning altar of Makhleb.
  1020 | D        | Found a shimmering altar of Xom.
  1021 | D        | Found a viscous altar of Jiyva.
  1021 | D        | Found a shadowy altar of Dithmenos.
  1021 | D        | Found a sparkling altar of Nemelex Xobeh.
  1021 | D        | Found a corrupted altar of Lugonu.
  1021 | D        | Found an opulent altar of Gozag.
  1021 | D        | Noticed a spatial vortex
  1031 | D        | Killed a spatial vortex
  1031 | D        | Reached skill level 10 in Fighting
  1101 | D        | Noticed Josephine
  1127 | D        | Killed Josephine
  1127 | D        | Received a gift from Trog
  1127 | D        | Reached skill level 11 in Fighting
  1127 | D        | Reached skill level 10 in Maces & Flails
  1127 | D        | Reached XP level 9. HP: 64/64 MP: 9/9
  1165 | D        | Noticed an earth elemental
  1191 | D        | Slain by an earth elemental

Vault maps used:
D:        dungeon_sprint_mu

Action                   |  1- 3 |  4- 6 |  7- 9 || total
-------------------------+-------+-------+-------++-------
Melee: Mace              |    25 |    35 |    70 ||   130
Invok: Berserk           |     2 |     2 |     1 ||     5
       Trog's Hand       |     1 |     2 |     3 ||     6
       Burn Spellbooks   |       |     1 |       ||     1
       Brothers in Arms  |       |       |     2 ||     2
  Use: Scroll            |       |     3 |       ||     3
       Potion            |       |     2 |     1 ||     3
  Eat: Chunk             |       |     3 |     3 ||     6
       Meat ration       |       |       |     1 ||     1
